 Dungeon Crawl Stone Soup version 0.19.1-1-g22dce08 (webtiles) character file.

106 kae the Chopper (level 4, -2/41 HPs)
             Began as a Hill Orc Fighter on Jan 1, 2017.
             Slain by Crazy Yiuf
             ... wielding a +3 quarterstaff of chaos
              (7 damage)
             ... on level 2 of the Dungeon.
             The game lasted 00:01:03 (1055 turns).

kae the Chopper (Hill Orc Fighter)                  Turns: 1055, Time: 00:01:04

Health: -2/41      AC: 10    Str: 19    XL:     4   Next: 84%
Magic:  4/4        EV:  3    Int:  8    God:
Gold:   101        SH: 15    Dex: 10    Spells: 0 memorised, 3 levels left

rFire  + . .     SeeInvis .     a - +0 war axe
rCold  . . .     Gourm    .     u - +1 chain mail {rF+}
rNeg   . . .     Faith    .     i - +2 large shield
rPois  .         Spirit   .     (no helmet)
rElec  .         Reflect  .     (no cloak)
rCorr  .         Harm     .     (no gloves)
MR     .....                    (no boots)
Stlth  ..........               (no amulet)
                                (no ring)
                                (no ring)

@: lethally poisoned (-2 -> -7)
A: no striking features
a: no special abilities


You were on level 2 of the Dungeon.
You were not hungry.

You visited 1 branch of the dungeon, and saw 2 of its levels.

You collected 101 gold pieces.

Inventory:

Hand Weapons
 a - a +0 war axe (weapon)
Missiles
 q - a throwing net (quivered)
Armour
 b - a +0 scale mail
 c - a +0 shield
 i - a +2 large shield (worn)
 u - a +1 chain mail of fire resistance (worn)
Scrolls
 e - 4 scrolls of identify {unknown}
 j - a scroll of amnesia {unknown}
 l - a scroll of recharging {unknown}
 n - a scroll of blinking {unknown}
 o - a scroll of immolation {unknown}
 p - a scroll of enchant weapon {unknown}
 s - a scroll of remove curse {unknown}
Potions
 d - a potion of might
 m - 2 potions of heal wounds {unknown}
 r - a potion of degeneration {unknown}
Comestibles
 f - a bread ration
 g - 2 beef jerkies
 h - a royal jelly
 k - a slice of pizza


   Skills:
 + Level 4.5 Fighting
 * Level 4.9 Axes
 + Level 4.1 Armour
 - Level 3.2 Shields


You had 3 spell levels left.
You didn't know any spells.

Dungeon Overview and Level Annotations

Branches:
Dungeon (2/15)

Altars:

Annotations:
D:2 Crazy Yiuf


Message History

You block Crazy Yiuf's attack.
You hit Crazy Yiuf but do no damage.
You feel sick.
Crazy Yiuf hits you with a quarterstaff of chaos. x2
* * * LOW HITPOINT WARNING * * *
x2 You hit Crazy Yiuf.
Crazy Yiuf is moderately wounded.
* * * LOW HITPOINT WARNING * * *
You feel sick. You block Crazy Yiuf's attack.
Your shield prevents you from hitting Crazy Yiuf.
Crazy Yiuf is moderately wounded.
* * * LOW HITPOINT WARNING * * *
You feel sick.
Crazy Yiuf cries, "You leg down broken song, no?"
You block Crazy Yiuf's attack.
You slash Crazy Yiuf!
Crazy Yiuf is heavily wounded.
* * * LOW HITPOINT WARNING * * *
You feel sick.
Crazy Yiuf hits you with a quarterstaff of chaos!
You die...

...# ...# ...# ...# ...#
...# ...######## ####
..........## ###..)#
...##......####.@g..#
..####......#..##...# .##
##....#.### #### ..#
######## ..# ..##
############ ...##
#..........# ##### ....#
#..........## #...#
....###...........#####...#


You could see Crazy Yiuf.

Vanquished Creatures
  Terence (D:2)
  3 adders
  A dart slug (D:1)
  A leopard gecko (D:2)
  8 bats
  4 giant cockroaches (D:2)
  5 goblins (D:2)
  7 hobgoblins
  2 quokkas (D:2)
  A ball python (D:1)
  3 frilled lizards
  8 kobolds
  5 rats
49 creatures vanquished.

Notes
Turn   | Place    | Note
-------+----------+-------------------------------------------
     0 | D:1      | kae the Hill Orc Fighter began the quest for the Orb.
     0 | D:1      | Reached XP level 1. HP: 19/19 MP: 1/1
    77 | D:1      | Reached XP level 2. HP: 26/26 MP: 2/2
   412 | D:1      | Reached XP level 3. HP: 27/33 MP: 3/3
   598 | D:2      | Found a runed door.
   655 | D:2      | Reached XP level 4. HP: 39/40 MP: 4/4
   818 | D:2      | Noticed Terence
   836 | D:2      | Killed Terence
  1044 | D:2      | Noticed Crazy Yiuf
  1055 | D:2      | Slain by Crazy Yiuf

Skill      XL: |  1  2  3  4 |
---------------+-------------+-----
Axes           | 3 4 |  4.9
Fighting       | 4 |  4.5
Armour         | 4 |  4.1
Shields        | |  3.2

Action                   |  1- 3 |  4- 6 || total
-------------------------+-------+-------++-------
Melee: War axe           |   100 |    53 ||   153
Throw: Throwing net      |       |     2 ||     2
  Eat: Chunk             |       |     1 ||     1
Armor: Scale mail        |    63 |    13 ||    76
       Chain mail        |       |     2 ||     2
Dodge: Dodged            |    16 |     3 ||    19
Block: Shield            |    12 |       ||    12
       Large shield      |   104 |    62 ||   166
